 Dungeon Crawl Stone Soup version 0.24-a0-584-g9d6b971 (webtiles) character file.

Game seed: 5148487102398762764, levelgen mode: deterministic

65 snetch the Conjurer (level 3, -1/19 HPs)
             Began as a Deep Elf Conjurer on Aug 29, 2019.
             Killed from afar by an orc wizard (11 damage)
             ... with a puff of flame
             ... on level 3 of the Dungeon.
             The game lasted 00:06:59 (1460 turns).

snetch the Conjurer (Deep Elf Conjurer)             Turns: 1460, Time: 00:07:00

Health: -1/19      AC:  5    Str:  5    XL:     3   Next: 92%
Magic:  4/10       EV: 12    Int: 20    God:
Gold:   57         SH:  0    Dex: 18    Spells: 3/9 levels left

rFire    . . .     SeeInvis .   l - +3 short sword
rCold    . . .     Gourm    .   (no shield)
rNeg     . . .     Faith    .   i - +0 leather armour
rPois    .         Spirit   .   p - +0 helmet
rElec    .         Reflect  .   (no cloak)
rCorr    .         Harm     .   h - +0 pair of gloves
MR       .....                  (no boots)
Stlth    ++........             (no amulet)
HPRegen  0.06/turn              a - +3 ring of dexterity
MPRegen  0.12/turn              (no ring)

@: no status effects
A: no striking features
a: no special abilities


You were on level 3 of the Dungeon.
You were not hungry.

You visited 1 branch of the dungeon, and saw 3 of its levels.

You collected 57 gold pieces.

Inventory:

Hand Weapons
 l - a +3 short sword (weapon)
 m - a +0 hand axe
Missiles
 b - 32 bolts
 g - 21 stones (quivered)
 n - 15 poisoned darts
Armour
 h - a +0 pair of gloves (worn)
 i - a +0 leather armour (worn)
 o - a +0 ring mail
 p - a +0 helmet (worn)
Jewellery
 a - a +3 ring of dexterity (left hand)
Scrolls
 d - a scroll of amnesia {unknown}
 j - a scroll of identify {unknown}
Potions
 e - a potion of magic {unknown}
 k - a potion of degeneration {unknown}
Comestibles
 c - 3 rations
 f - 4 chunks of flesh


   Skills:
 + Level 0.2 Armour
 + Level 2.6 Dodging
 + Level 2.7 Stealth
 + Level 3.5 Spellcasting
 + Level 5.6 Conjurations


You had 3 spell levels left.
You knew the following spells:

 Your Spells              Type           Power        Failure   Level  Hunger
a - Magic Dart            Conj           ####         2%          1    None
b - Searing Ray           Conj           ####..       3%          2    ##.....
c - Dazzling Spray        Conj/Hex       ##....       22%         3    ###....

Your spell library contained the following spells:

 Spells                   Type           Power        Failure   Level  Hunger
 Iskenderun's Mystic Bla  Conj           ####....     22%         4    ####...
 Force Lance              Conj/Tloc      ##......     56%         4    ####...
 Fulminant Prism          Conj/Hex       ##........   56%         4    ####...


Dungeon Overview and Level Annotations

Branches:
Dungeon (3/15)

Altars:
Uskayaw


Message History

Casting: Searing Ray (safe; 3% risk of failure)
Confirm with . or Enter, or press ? or * to list all spells.
Aiming: Searing Ray (safe; 3% risk of failure)
Press: ? - help, Shift-Dir - straight line, f - orc
Aim: an orc (hasn't noticed you)
The searing ray hits the orc wizard.
The orc wizard is lightly wounded. (Press . to maintain the ray.)
The orc wizard gestures at you while chanting.
The puff of flame hits you!
The searing ray hits the orc wizard.
The orc wizard is moderately wounded.
The orc wizard barely misses you.
The searing ray hits the orc!
You kill the orc!
The orc wizard hits you but does no damage.
The orc wizard points at you and mumbles some strange words.
The puff of flame hits you!
Ouch! That really hurt!
You die...

#.# #.# #.# #.#
###### ... .....
###.########..###
#.........#<....#
#..<....# #.....#
#######.#
#@..#####
#........
#o..#####
.......o..+
###.......#
.........##
.........#
####.....#
#.#.#.#


You could see an orc wizard and an orc.

Vanquished Creatures
  2 oozes (D:1)
  4 worms (D:2)
  A dart slug (D:2)
  2 leopard geckos
  2 orcs (D:3)
  5 giant cockroaches (D:1)
  A goblin (D:1)
  5 hobgoblins
  3 kobolds
  2 quokkas (D:2)
  2 bats (D:1)
  2 frilled lizards (D:1)
  7 rats
38 creatures vanquished.

Notes
Turn   | Place    | Note
-------+----------+-------------------------------------------
     0 | D:1      | snetch the Deep Elf Conjurer began the quest for the Orb.
     0 | D:1      | Reached XP level 1. HP: 10/10 MP: 6/6
   106 | D:2      | Found a hide-covered altar of Uskayaw.
   132 | D:2      | Reached XP level 2. HP: 15/15 MP: 1/8
   196 | D:1      | Learned a level 2 spell: Searing Ray
   312 | D:1      | Reached skill level 5 in Conjurations
   491 | D:1      | Reached XP level 3. HP: 19/19 MP: 4/9
   807 | D:1      | Learned a level 3 spell: Dazzling Spray
  1460 | D:3      | Killed from afar by an orc wizard

Levels and vault maps discovered:
D:1:      mrwooster_arrival_statue_3, layout_loops_ring,
          minmay_worlds_worst_comb
D:2:      layout_basic, bloody_trog, eat_drink_and_be_merry_uskayaw,
          okawaru_gym_becter
D:3:      layout_basic

Skill      XL: |  1  2 |
---------------+-------+-----
Conjurations   | 5 |  5.6
Armour         | |  0.2
Dodging        | |  2.6
Stealth        | |  2.7
Spellcasting   | |  3.5

Action                   || total
-------------------------++-------
Melee: Unarmed           ||     1
 Cast: Magic Dart        ||    46
       Searing Ray       ||    16
  Eat: Chunk             ||     2
Armor: Leather armour    ||     6
Dodge: Dodged            ||     8

Table legend:
 A = Non-vault XP
 B = Vault XP
 C = Vault XP percentage of total XP
 D = Non-vault monster count
 E = Vault monster count
 F = Vault count percentage of total count
                 A         B        C        D         E       F
            +---------+---------+-------+---------+---------+-------
      Total |      85 |       8 |   8.6 |      34 |       4 |  10.5
            +---------+---------+-------+---------+---------+-------
        D:1 |      41 |       8 |  16.3 |      20 |       4 |  16.7
        D:2 |      38 |       0 |   0.0 |      12 |       0 |   0.0
        D:3 |       6 |       0 |   0.0 |       2 |       0 |   0.0
            +---------+---------+-------+---------+---------+-------
